AoeStats
← dashuaibi

Lombardia

508201011Analyzed
4v4 RM · 11d ago on Sep 21, 2026· 58m 0s· 8 players
Game mode
Random Map
Map size
Large (8 player)
Population
200
Speed
Normal
Resources
Standard
Victory
Conquest
Starting age
Dark Age
Ending age
Imperial Age
RankedLock teamsTeams togetherTeam positionsShared explorationLock speedFull tech treeHidden civsTurbo modeCheats
Victory
Defeat
🇨🇳 Mongols · China
1342
+13
🇦🇷 Khmer · Argentina
1323
+14
🇹🇼 Spanish · Taiwan
1321
+14
🇨🇳 Japanese · China
1287
+15
🇧🇦 Byzantines · Bosnia & Herzegovina
1309
-15
🇦🇿 Japanese · Azerbaijan
1290
-15
🇦🇺 Tatars · Australia
1252
-13
🇯🇵 Teutons · Japan
1251
-13
帅气的孔
10:29 Feudal Age
13:12 Castle Age
11:49 Double-Bit Axe
12:28 Horse Collar
13:05 Bloodlines
19:00 Loom
23:41 Wheelbarrow
24:23 Gold Mining
26:23 Hand Cart
29:34 Imperial Age
27:37 Town Watch
28:15 Husbandry
28:45 Heavy Plow
28:58 Bow Saw
29:27 Gold Shaft Mining
28:42 Stone Mining
29:52 Forging
29:47 Scale Barding Armor
29:48 Stone Mining
32:37 Chain Barding Armor
32:52 Iron Casting
33:32 Tusk Swords
33:07 Capped Ram
34:47 Murder Holes
36:29 Plate Barding Armor
36:30 Iron Casting
35:46 Light Cavalry
36:50 Elite Battle Elephant
39:31 Iron Casting
41:09 Conscription
41:23 Masonry
42:26 Siege Ram
47:48 Fletching
47:58 Padded Archer Armor
48:36 Stone Shaft Mining
48:42 Elite Skirmisher
51:20 Chemistry
50:21 Bodkin Arrow
50:42 Leather Archer Armor
51:36 Bracer
51:52 Leather Archer Armor
54:12 Ring Archer Armor
57:12 Ballistics
57:52 Hussar
2110316511
7:22 Loom
10:06 Feudal Age
10:10 Man-at-Arms
14:02 Horse Collar
15:06 Double-Bit Axe
22:27 Castle Age
23:22 Scale Mail Armor
24:32 Wheelbarrow
23:49 Pikeman
24:31 Squires
25:20 Bow Saw
24:55 Long Swordsman
25:21 Arson
25:22 Gambesons
25:54 Chain Mail Armor
30:58 Fletching
31:18 Forging
40:05 Imperial Age
38:30 Hand Cart
39:31 Town Watch
40:17 Halberdier
40:48 Heavy Scorpion
42:06 Conscription
43:21 Elite Skirmisher
44:07 Padded Archer Armor
44:03 Bodkin Arrow
44:40 Plate Mail Armor
45:59 Conscription
45:50 Two-Handed Swordsman
46:02 Capped Ram
46:44 Champion
50:21 Leather Archer Armor
50:07 Bracer
55:25 Guard Tower
56:36 Chemistry
55:56 Ballistics
56:22 Ring Archer Armor
56:29 Iron Casting
59:12 Keep
58:24 Arrowslits
Veritas of the Dark
11:06 Feudal Age
10:35 Loom
17:35 Castle Age
16:04 Horse Collar
17:01 Double-Bit Axe
19:15 Pikeman
21:55 Bow Saw
23:15 Heavy Plow
24:51 Wheelbarrow
25:24 Husbandry
25:57 Gold Mining
26:21 Padded Archer Armor
27:18 Fervor
29:01 Leather Archer Armor
29:34 Stone Mining
38:17 Imperial Age
36:46 Hand Cart
36:17 Town Watch
37:10 Fletching
40:34 Scale Barding Armor
41:08 Bloodlines
40:19 Cavalier
41:13 Forging
41:46 Stone Shaft Mining
41:41 Chain Barding Armor
42:45 Iron Casting
41:42 Paladin
44:38 Blast Furnace
44:47 Plate Barding Armor
44:47 Light Cavalry
46:32 Hussar
53:25 Fortified Wall
54:16 Chemistry
53:37 Ballistics
dashuaibi
10:50 Feudal Age
12:48 Double-Bit Axe
15:46 Castle Age
13:33 Horse Collar
19:01 Bow Saw
19:19 Fletching
19:29 Padded Archer Armor
20:32 Loom
22:34 Bodkin Arrow
22:55 Leather Archer Armor
26:26 Ballistics
29:31 Wheelbarrow
29:07 Heavy Plow
31:04 Gold Mining
34:14 Imperial Age
33:10 Hand Cart
32:40 Town Watch
33:43 Scale Barding Armor
34:24 Gold Shaft Mining
34:21 Husbandry
34:32 Bloodlines
34:57 Stone Mining
36:08 Thumb Ring
37:01 Bracer
37:21 Chain Barding Armor
38:06 Chemistry
37:44 Conscription
38:14 Masonry
40:07 Parthian Tactics
40:00 Siege Engineers
41:33 Stone Shaft Mining
40:52 Elite Mangudai
42:58 Hoardings
42:45 Capped Ram
44:04 Siege Ram
46:08 Drill
57:11 Caravan
57:42 Coinage
kibusi
9:24 Loom
11:09 Feudal Age
12:18 Double-Bit Axe
12:17 Horse Collar
15:36 Scale Barding Armor
15:42 Forging
17:49 Loom
19:00 Bloodlines
22:27 Castle Age
23:37 Chain Barding Armor
23:53 Iron Casting
26:06 Scale Mail Armor
29:38 Fletching
30:51 Bow Saw
30:58 Gold Mining
31:52 Wheelbarrow
31:03 Town Watch
37:07 Imperial Age
34:51 Pikeman
36:28 Stone Mining
36:49 Squires
37:24 Cavalier
38:43 Plate Barding Armor
39:09 Blast Furnace
38:24 Chain Mail Armor
37:52 Halberdier
38:51 Chain Mail Armor
38:31 Bodkin Arrow
39:12 Arson
41:01 Gambesons
43:37 Plate Mail Armor
43:08 Padded Archer Armor
43:53 Heavy Plow
45:27 Stone Shaft Mining
44:17 Paladin
44:21 Onager
46:47 Guilds
46:37 Caravan
50:28 Ironclad
54:20 Man-at-Arms
55:19 Long Swordsman
Lappers
5:08 Loom
11:51 Feudal Age
16:24 Castle Age
14:58 Double-Bit Axe
18:02 Bow Saw
19:26 Horse Collar
23:17 Fletching
25:24 Town Watch
26:39 Bodkin Arrow
29:10 Wheelbarrow
29:34 Padded Archer Armor
32:25 Padded Archer Armor
32:40 Bloodlines
32:31 Husbandry
36:16 Imperial Age
34:29 Leather Archer Armor
36:00 Ballistics
35:55 Silk Armor
35:55 Gold Mining
35:58 Stone Mining
37:10 Bracer
38:38 Conscription
40:16 Ring Archer Armor
44:49 Heavy Cavalry Archer
47:19 Scale Barding Armor
47:25 Forging
48:37 Gold Shaft Mining
49:36 Chemistry
48:47 Masonry
48:13 Light Cavalry
1godi
8:45 Loom
11:48 Feudal Age
16:52 Castle Age
15:30 Double-Bit Axe
15:29 Horse Collar
18:09 Bow Saw
18:02 Heavy Plow
24:16 Wheelbarrow
25:40 Hand Cart
25:30 Stone Mining
25:50 Gold Mining
27:06 Fletching
27:16 Padded Archer Armor
27:45 Bodkin Arrow
27:29 Elite Skirmisher
31:51 Imperial Age
29:47 Ballistics
31:43 Leather Archer Armor
31:52 Thumb Ring
37:10 Ring Archer Armor
36:41 Bracer
43:34 Scale Barding Armor
43:39 Forging
43:51 Conscription
44:07 Hoardings
43:08 Pikeman
43:49 Squires
43:50 Scale Mail Armor
43:49 Halberdier
45:47 Two-Man Saw
45:51 Chain Mail Armor
45:46 Forging
47:26 Plate Mail Armor
Samir
7:30 Loom
10:28 Feudal Age
10:30 Man-at-Arms
11:06 Double-Bit Axe
15:27 Fletching
23:51 Castle Age
25:07 Bow Saw
24:39 Horse Collar
24:54 Stone Mining
25:46 Heavy Plow
25:24 Crossbowman
27:18 Bodkin Arrow
28:53 Treadmill Crane
29:44 Ballistics
30:28 Wheelbarrow
30:29 Guard Tower
32:03 Murder Holes
33:38 Masonry
34:48 Hand Cart
34:44 Thumb Ring
37:22 Imperial Age
35:08 Gold Mining
35:29 Husbandry
35:39 Bloodlines
35:34 Padded Archer Armor
36:19 Thumb Ring
36:30 Town Watch
37:25 Yasama
39:07 Bracer
38:54 Pikeman
39:35 Squires
40:22 Scale Mail Armor
40:33 Forging
41:12 Gold Shaft Mining
42:30 Chemistry
42:06 Keep
42:27 Arrowslits
43:39 Chain Mail Armor
45:35 Plate Mail Armor
45:40 Iron Casting
46:38 Conscription
46:55 Hoardings
47:24 Town Patrol
49:16 Kataparuto
49:34 Halberdier
52:31 Parthian Tactics
52:33 Arson
53:41 Iron Casting
53:22 Leather Archer Armor
Connection lost

Rejoining the realm…

Still unreachable

The connection could not be restored.

Session expired

The server has moved on; the page needs a fresh start.